 Dungeon Crawl Stone Soup version 0.31-a0-700-gf13585253f (webtiles) character file.

Game seed: 8237439511445847185

40 qw the Shooter (level 3, -2/21 HPs)
             Began as a Gargoyle Hunter on Sept 7, 2023.
             Slain by a scorpion (3 damage)
             ... on level 3 of the Dungeon.
             The game lasted 00:00:27 (1624 turns).

qw the Shooter (Gargoyle Hunter)                    Turns: 1624, Time: 00:00:28

Health: -2/21      AC: 10    Str: 15 (18) XL:     3   Next: 50%
Magic:  3/3        EV: 11    Int:  9 (12) God:
Gold:   88         SH:  0    Dex: 17 (18) Spells: 2/2 levels left

rFire   . . .        Y - +1 shortbow
rCold   x . .        (shield currently unavailable)
rNeg    + . .        j - +0 ring mail
rPois   inf          g - +0 helmet
rElec   +            (no cloak)
rCorr   +            h - +0 pair of gloves
SInv    .            (no boots)
Will    .....        (no amulet)
Stlth   +            a - ring of No Interval {rC- rCorr Str+4 Int+3 Dex+3}
HPRegen 0.23/turn    (no ring)
MPRegen 0.08/turn

%: no passive effects
@: about to teleport
A: sickness immunity, AC +3, negative energy resistance 1, electricity
resistance, torment resistance 1, petrification resistance
a: no special abilities


You were on level 3 of the Dungeon.
You visited 1 branch of the dungeon, and saw 3 of its levels.

You collected 88 gold pieces.


Innate Abilities, Weirdness & Mutations

You are immune to sickness and miasma.
Your stone body is resilient. (AC +3)
You are immune to poison.
You resist negative energy. (rN+)
You are resistant to electric shocks. (rElec)
You are resistant to unholy torment.
You are immune to petrification.


   Skills:
 + Level 2.1 Fighting
 - Level 5.0 Ranged Weapons
 - Level 1.0 Armour
 - Level 1.5 Dodging
 - Level 1.1 Stealth


You had 2 spell levels left.
You didn't know any spells.
Your spell library was empty.

Inventory:

Hand Weapons
 Y - a +1 shortbow (weapon)
Armour
 g - a +0 helmet (worn)
 h - a +0 pair of gloves (worn)
 j - a +0 ring mail (worn)
Jewellery
 a - the ring of No Interval (left hand) {rC- rCorr Str+4 Int+3 Dex+3}
   (You acquired it on level 2 of the Dungeon)

   [ring of resist corrosion]

   Str+4:     It affects your strength (+4).
   Int+3:     It affects your intelligence (+3).
   Dex+3:     It affects your dexterity (+3).
   rC-:       It makes you vulnerable to cold.
   rCorr:     It protects you from acid and corrosion.
Scrolls
 b - a scroll of amnesia {unknown}
 k - a scroll of identify
Potions
 d - a potion of might {unknown}
 f - 2 potions of curing

Dungeon Overview and Level Annotations

Branches:
Dungeon (3/15)

Altars:


Message History

You kill the adder!
Your Ranged Weapons skill increases to level 5!
b - a scroll labelled YMEDGH ZILONOS You see here a wand of flame (29).
Found a scroll of butterflies.
A scorpion comes into view.
You shoot an arrow.
The arrow completely misses the scorpion.
You shoot an arrow.
The arrow hits the scorpion but does no damage.
The scorpion stings you. The scorpion closely misses you.
You shoot an arrow. The arrow barely misses the scorpion.
The scorpion barely misses you.
You shoot an arrow. The arrow hits the scorpion.
The scorpion is lightly wounded.
The scorpion stings you.
You shoot an arrow.
The arrow hits the scorpion but does no damage.
The scorpion is lightly wounded.
The scorpion stings you.
The scorpion stings you but does no damage.
You shoot an arrow. The arrow hits the scorpion.
The scorpion is moderately wounded.
The scorpion closely misses you.
You shoot an arrow. The arrow closely misses the scorpion.
The scorpion stings you. The scorpion barely misses you.
You shoot an arrow.
The arrow completely misses the scorpion.
The scorpion stings you but does no damage.
You shoot an arrow. The arrow hits the scorpion.
The scorpion is severely wounded.
The scorpion barely misses you. The scorpion stings you.
1623 ||| READING scroll of teleportation.
As you read the scroll of teleportation, it crumbles to dust.
You feel strangely unstable.
The scorpion stings you but does no damage.
You shoot an arrow. The arrow hits the scorpion.
The scorpion is severely wounded.
The scorpion stings you. x2
You die...

#(.........#
##........##
#.........#
#.####...##
#.# #.#.#
#.# #.#.#
#.# #.#.#
#?####.#.#
#@.....#.#
#.s######.#
#.## #.# #.
#.# #. #.#
##


You could see a scorpion.

Vanquished Creatures
  An adder (D:3)
  2 dart slugs (D:2)
  A ball python (D:1)
  3 endoplasms (D:1)
  A giant cockroach (D:1)
  5 goblins
  A hobgoblin (D:1)
  4 quokkas
  A bat (D:1)
  A frilled lizard (D:2)
  3 kobolds
  2 rats
25 creatures vanquished.

Notes
Turn   | Place    | Note
-------+----------+-------------------------------------------
     0 | D:1      | qw the Gargoyle Hunter began the quest for the Orb.
     0 | D:1      | Reached XP level 1. HP: 12/12 MP: 1/1
     0 | D:1      | 0 ||| qw: Version: 0.3-a-76-g4403597
     0 | D:1      | 0 ||| qw: Game counter: 732
     0 | D:1      | 0 ||| qw: Melee chars always use a shield: true
     0 | D:1      | 0 ||| qw: God list: Okawaru
     0 | D:1      | 0 ||| qw: Allow faded altars: false
     0 | D:1      | 0 ||| qw: Do Orc after clearing Dungeon:15 true
     0 | D:1      | 0 ||| qw: Do second Lair branch before Depths: true
     0 | D:1      | 0 ||| qw: Lair rune preference: random
     0 | D:1      | 0 ||| qw: Goals: Normal
     0 | D:1      | 0 ||| PLANNING D:1-11
   264 | D:1      | Reached XP level 2. HP: 17/17 MP: 2/2
   781 | D:1      | 781 ||| UPGRADING to +0 helmet.
   786 | D:1      | 786 ||| UPGRADING to +0 pair of gloves.
   791 | D:1      | 791 ||| UPGRADING to +0 ring mail.
   801 | D:1      | 801 ||| DROPPING +0 leather armour.
   802 | D:1      | 802 ||| READING scroll labelled FOEDWA ETAOWAHUOTO.
   803 | D:1      | 803 ||| READING scroll labelled URUNGI KUGUI.
   804 | D:1      | 804 ||| READING 2 scrolls labelled ESIDDA EFFULLI.
   805 | D:1      | 805 ||| READING scroll labelled QEVINEMETO.
   806 | D:1      | 806 ||| READING scroll labelled CUCUIZX SAYCETS.
   809 | D:1      | 809 ||| DRINKING 2 sedimented black potions.
   810 | D:1      | 810 ||| DROPPING scroll of butterflies.
   904 | D:2      | Reached skill level 1 in Armour
   946 | D:2      | Reached XP level 3. HP: 21/21 MP: 3/3
  1507 | D:2      | Found a faded altar of an unknown god.
  1508 | D:2      | 1508 ||| READING scroll labelled RUKLIPS OCWOUL.
  1509 | D:2      | 1509 ||| READING scroll labelled JUMAZO KIGAMIC.
  1510 | D:2      | 1510 ||| READING scroll labelled BUTUAR COQEUQE.
  1510 | D:2      | Identified a scroll of acquirement
  1510 | D:2      | 1510 ||| ACQUIRING ring of No Interval {rC- rCorr Str+4
                  | Int+3 Dex+3}
  1510 | D:2      | Acquired the ring of No Interval {rC- rCorr Str+4 Int+3
                  | Dex+3}
  1512 | D:2      | 1512 ||| UPGRADING to ring of No Interval {rC- rCorr Str+4
                  | Int+3 Dex+3}.
  1513 | D:2      | 1513 ||| DRINKING 2 lumpy orange potions.
  1514 | D:2      | 1514 ||| READING 2 scrolls of identify.
  1514 | D:2      | 1514 ||| IDENTIFYING viscous ruby potion
  1515 | D:2      | 1515 ||| DROPPING potion of lignification.
  1516 | D:2      | 1516 ||| DROPPING potion of degeneration.
  1580 | D:3      | Reached skill level 5 in Ranged Weapons
  1613 | D:3      | Noticed a scorpion
  1622 | D:3      | HP: 3/21 [scorpion (6)]
  1623 | D:3      | 1623 ||| READING scroll of teleportation.
  1624 | D:3      | HP: 1/21 [scorpion (3)]
  1624 | D:3      | Slain by a scorpion

Levels and vault maps discovered:
D:1:      dpeg_cavernosity, layout_loops_ring, grunt_decor_one_mirror
D:2:      layout_loops_ring, shapermc_ecumenical_altar_mp_vishouse,
          dreamdust_princess_corridor
D:3:      layout_rooms, yredelemnul_forgotten_temple_becter, uniq_sigmund

Skill      XL: |  1  2  3 |
---------------+----------+-----
Armour         | 1 |  1.0
Ranged Weapons | 5 |  5.0
Fighting       | |  2.1
Dodging        | |  1.5
Stealth        | |  1.1

Action                     || total
---------------------------++-------
   Fire: Shortbow          ||    89
    Use: Scroll            ||    10
         Potion            ||     2
 Armour: Leather armour    ||    17
         Ring mail         ||    16
  Dodge: Dodged            ||    22

Table legend:
 A = Non-vault XP
 B = Vault XP
 C = Vault XP percentage of total XP
 D = Non-vault monster count
 E = Vault monster count
 F = Vault count percentage of total count
                 A         B        C        D         E       F
            +---------+---------+-------+---------+---------+-------
      Total |      50 |       8 |  13.8 |      21 |       4 |  16.0
            +---------+---------+-------+---------+---------+-------
        D:1 |      16 |       8 |  33.3 |       9 |       4 |  30.8
        D:2 |      20 |       0 |   0.0 |      10 |       0 |   0.0
        D:3 |      14 |       0 |   0.0 |       2 |       0 |   0.0
            +---------+---------+-------+---------+---------+-------
